AoeStats
← aclcbrn

Black Forest

510190317Analyzed
3v3 RM · 3d ago on Sep 29, 2026· 42m 54s· 6 players
Game mode
Random Map
Map size
Normal (6 player)
Population
200
Speed
Normal
Resources
Standard
Victory
Conquest
Starting age
Dark Age
Ending age
Imperial Age
RankedLock teamsTeams togetherTeam positionsShared explorationLock speedFull tech treeHidden civsTurbo modeCheats
Victory
Defeat
🇧🇪 Ethiopians · Belgium
1052
+16
🇺🇸 Koreans · United States
1034
+17
🇳🇱 Spanish · Netherlands
1025
+18
🇫🇷 Magyars · France
1099
-18
🇫🇷 Cumans · France
1051
-17
🇫🇷 Britons · France
1025
-16
aclcbrn
10:04 Loom
12:12 Feudal Age
13:00 Double-Bit Axe
13:24 Fishing Lines
20:17 Castle Age
19:21 Gold Mining
21:27 Bow Saw
27:56 Gillnets
28:13 Stone Mining
32:43 Fortified Wall
32:32 Murder Holes
32:57 Ballistics
35:25 Imperial Age
33:36 Pikeman
37:43 Scale Mail Armor
41:16 Chemistry
43:07 Fletching
43:27 Forging
43:18 Padded Archer Armor
El tigre Abelardo
11:01 Feudal Age
14:46 Castle Age
13:03 Double-Bit Axe
18:26 Bow Saw
20:09 Loom
21:26 Horse Collar
22:29 Town Watch
24:13 Stone Mining
26:18 Wheelbarrow
26:44 Forging
27:18 Royal Heirs
31:14 Imperial Age
28:58 Gold Mining
29:12 Scale Mail Armor
29:31 Fletching
30:17 Iron Casting
30:21 Squires
30:07 Arson
31:06 Stone Shaft Mining
31:37 Chain Mail Armor
31:28 Heavy Plow
31:17 Onager
32:58 Blast Furnace
32:21 Conscription
31:30 Elite Shotel Warrior
33:22 Blast Furnace
37:17 Plate Mail Armor
37:58 Town Patrol
38:14 Hand Cart
My Baby Shot Me Down
0:58 Loom
12:41 Feudal Age
19:00 Castle Age
22:32 Fletching
25:03 Double-Bit Axe
30:15 Bow Saw
29:48 Horse Collar
Tonton Flingueur
7:50 Loom
10:06 Feudal Age
11:10 Double-Bit Axe
15:23 Wheelbarrow
15:21 Fletching
23:55 Castle Age
25:20 Bodkin Arrow
25:25 Padded Archer Armor
24:52 Crossbowman
28:52 Leather Archer Armor
30:31 Hand Cart
33:08 Ballistics
37:39 Imperial Age
38:18 Arbalester
Roodey
0:42 Loom
11:43 Feudal Age
13:29 Double-Bit Axe
15:51 Horse Collar
15:57 Double-Bit Axe
17:09 Wheelbarrow
23:34 Castle Age
24:25 Capped Ram
26:53 Hand Cart
33:49 Imperial Age
31:42 Town Watch
34:53 Bow Saw
34:44 Heavy Plow
34:36 Gold Mining
34:38 Stone Mining
40:46 Conscription
BernardLaTaupe
7:20 Loom
10:30 Feudal Age
11:16 Double-Bit Axe
12:56 Horse Collar
21:00 Castle Age
20:45 Scale Barding Armor
21:11 Light Cavalry
23:35 Bloodlines
24:10 Wheelbarrow
28:50 Husbandry
32:19 Heavy Plow
34:17 Hand Cart
35:27 Fletching
38:24 Imperial Age
Connection lost

Rejoining the realm…

Still unreachable

The connection could not be restored.

Session expired

The server has moved on; the page needs a fresh start.